 Dungeon Crawl Stone Soup version 0.24-a0-584-g9d6b971ae4 (webtiles) character file.

Game seed: 3115073572350956948, levelgen mode: deterministic

2731 Eightlegvermin the Transmogrifier (level 9, 0/63 HPs)
             Began as an Octopode Transmuter on Aug 31, 2019.
             Was a Believer of Sif Muna.
             Slain by mgcat's ghost (9 damage)
             ... on level 6 of the Dungeon.
             The game lasted 00:33:31 (7884 turns).

Eightlegvermin the Transmogrifier (OpTm)            Turns: 7884, Time: 00:33:32

Health: 0/63       AC: 10    Str:  9    XL:     9   Next: 67%
Magic:  11/12      EV: 10    Int: 15    God:    Sif Muna [**....]
Gold:   404        SH:  0    Dex: 16    Spells: 2/12 levels left

rFire    x . .     SeeInvis .     - Unarmed
rCold    + + +     Gourm    .   (shield currently unavailable)
rNeg     . . .     Faith    .   (helmet currently unavailable)
rPois    +         Spirit   .   j - amulet of rage
rElec    .         Reflect  .   m - +4 ring of protection
rCorr    .         Harm     .   (no ring)
MR       .....                  (no ring)
Stlth    ++........             (no ring)
HPRegen  0.20/turn              (no ring)
MPRegen  0.13/turn              (no ring)
                                (no ring)
                                (no ring)

@: ice-form, very slightly contaminated, invisible
A: large, almost no armour, stealthy swim, amphibious, 8 rings, (constrict 8)
a: End Transformation, Channel Magic, Renounce Religion, Evoke Berserk Rage


You were on level 6 of the Dungeon.
You worshipped Sif Muna.
Sif Muna was pleased with you.
You were not hungry.
You were a creature of crystalline ice.
You visited 2 branches of the dungeon, and saw 7 of its levels.
You also visited: Ossuary.

You collected 404 gold pieces.

Inventory:

Hand Weapons
 o - a +1 long sword of holy wrath
Missiles
 a - 170 arrows
Armour
 f - a +1 hat (melded)
Jewellery
 b - an uncursed amulet of guardian spirit
 j - an amulet of rage (around neck)
 m - a +4 ring of protection (left front paw)
 n - a -3 ring of evasion
 C - an uncursed ring of fire
Wands
 v - a wand of iceblast (8)
Scrolls
 e - 7 scrolls of teleportation
 k - 3 scrolls of enchant armour
 l - a scroll of remove curse
 t - a scroll of fear
 w - 2 scrolls of magic mapping
 y - a scroll of fog
 A - a scroll of amnesia {unknown}
Potions
 g - 2 potions of haste
 h - a potion of invisibility
 i - 3 potions of cancellation
 p - 2 potions of lignification {unknown}
 q - 2 potions of brilliance {unknown}
 r - a potion of mutation {unknown}
 s - 2 potions of might {unknown}
 u - 2 potions of berserk rage {unknown}
 x - 3 potions of heal wounds {unknown}
 z - 3 potions of agility {unknown}
Comestibles
 c - 6 rations


   Skills:
 - Level 1.0 Fighting
 - Level 2.0 Dodging
 - Level 3.3 Stealth
 + Level 8.0 Unarmed Combat
 - Level 2.0 Spellcasting
 * Level 9.9 Transmutations
 + Level 2.6 Ice Magic
 - Level 2.0 Poison Magic


You had 2 spell levels left.
You knew the following spells:

 Your Spells              Type           Power        Failure   Level  Hunger
a - Beastly Appendage     Tmut           ####..       1%          1    #......
b - Sticks to Snakes      Tmut           ####....     1%          2    ###....
c - Spider Form           Tmut/Pois      ###.......   6%          3    ###....
d - Ice Form              Ice/Tmut       ###.....     17%         4    #####..

Your spell library contained the following spells:

 Spells                   Type           Power        Failure   Level  Hunger
 Blade Hands              Tmut           ####......   11%         5    ######.


Dungeon Overview and Level Annotations

Branches:
Dungeon (6/15)             Temple (1/1) D:4         Ossuary (visited)

Altars:
Ashenzari
Cheibriados
Dithmenos
Elyvilon
Hepliaklqana
Kikubaaqudgha
Makhleb
Nemelex Xobeh
Okawaru
Qazlal
Ru
Sif Muna
Uskayaw
Vehumet
Wu Jian
Xom
Yredelemnul
Zin
The Shining One

Shops:
D:6 =

Annotations:
D:6 1 runed translucent door, 1 transporter, Crazy Yiuf; mgcat's ghost, novice OpBe


Innate Abilities, Weirdness & Mutations

You cannot wear most types of armour.
You are very stealthy in the water. (Stealth+)
You are amphibious.
You can wear up to eight rings at the same time.
((You can use your tentacles to constrict eight enemies at once.))
((Your skin changes colour to match your surroundings (Stealth+).))
((Your rubbery body absorbs attacks. (AC +1, EV +1)))


Message History

You kill the killer bee!
Sif Muna accepts your kill.
Your Unarmed Combat skill increases to level 8!
You feel sick. The killer bee closely misses you. x2
Mgcat's ghost hits you but does no damage.
You hit the hornet but do no damage.
The killer bee stings you but does no damage. x2
The hornet closely misses you.
The killer bee stings you but does no damage. x2
Mgcat's ghost barely misses you.
You closely miss the hornet.
You feel sick. The killer bee closely misses you.
The killer bee barely misses you. The hornet barely misses you.
The killer bee closely misses you.
You feel better. The killer bee barely misses you.
The hornet barely misses you.
The killer bee stings you but does no damage.
The killer bee stings you!
* * * LOW HITPOINT WARNING * * *
Mgcat's ghost hits you!
You die...

#.# ##.......# +....... #.#
#....[########.##.## #.# #.#
####.###+##.#
#.#########.#####............
#.##.......©.................
#.#..#############...........
#...#####$$©).#####......###
#..###...#.)y#y..###..####
#..##..#..###Y.#..##..#
#[.###...#..y#W..###..#
#...#####.%#..#####...#
##.###...#...#.#.###..#
#.##..#..###..#..##..#
#.###...#.W.#...###..#
#..#####%.©..#####...#
##..#############....#
##.......©.........##


You could see a hornet, 2 killer bees and mgcat's ghost.

Vanquished Creatures
  Grinder (D:6)
  Eustachio (D:4)
  An ice beast (D:6)
  2 ogres (D:4)
  4 centaurs
  3 bullfrogs
  10 scorpions (Ossuary)
  3 killer bees (D:6)
  2 howler monkeys
  A crimson imp (D:4)
  4 centaur zombies
  A hound (D:5)
  3 jellies
  A bullfrog skeleton (D:5)
  2 human zombies (Ossuary)
  5 orc wizards
  5 worker ants
  3 mummies (Ossuary)
  Robin (D:3)
  A worker ant zombie (D:6)
  6 adders
  5 scorpion zombies (Ossuary)
  A shadow imp (D:5)
  An adder zombie (D:5)
  2 worms
  2 dart slugs
  3 leopard geckos
  4 orcs
  12 bats
  3 giant cockroaches
  2 gnoll zombies (Ossuary)
  11 hobgoblins
  7 jackals
  2 quokkas (D:4)
  A ball python skeleton (D:4)
  6 frilled lizards
  17 goblins
  A goblin zombie (Ossuary)
  2 hobgoblin zombies (Ossuary)
  3 kobolds
  2 kobold zombies (Ossuary)
  An orc zombie (Ossuary)
  5 rats
153 creatures vanquished.

Vanquished Creatures (collateral kills)
  Sigmund (D:4)
  A centaur skeleton (D:4)
  2 scorpion zombies (Ossuary)
  A gnoll zombie (Ossuary)
5 creatures vanquished.

Grand Total: 158 creatures vanquished

Notes
Turn   | Place    | Note
-------+----------+-------------------------------------------
     0 | D:1      | Eightlegvermin the Octopode Transmuter began the quest for
                  | the Orb.
     0 | D:1      | Reached XP level 1. HP: 13/13 MP: 3/3
   230 | D:1      | Reached skill level 1 in Stealth
   230 | D:1      | Reached XP level 2. HP: 18/18 MP: 3/5
   800 | D:1      | Reached XP level 3. HP: 20/23 MP: 3/6
  1034 | D:2      | Found a glowing golden altar of the Shining One.
  1036 | D:2      | Found an iron altar of Okawaru.
  1036 | D:2      | Found a shattered altar of Ashenzari.
  1036 | D:2      | Found a burning altar of Makhleb.
  1038 | D:2      | Found a stormy altar of Qazlal.
  1038 | D:2      | Found a white marble altar of Elyvilon.
  1541 | D:3      | Learned a level 2 spell: Sticks to Snakes
  1545 | D:3      | Learned a level 3 spell: Spider Form
  1574 | D:3      | Reached XP level 4. HP: 19/28 MP: 3/7
  1611 | D:3      | HP: 1/28 [poisoned by an adder]
  1991 | D:3      | Reached skill level 3 in Transmutations
  1991 | D:3      | Reached XP level 5. HP: 19/33 MP: 8/8
  2085 | D:3      | Noticed Robin
  2091 | D:3      | Killed Robin
  2416 | D:3      | Reached skill level 4 in Transmutations
  2416 | D:3      | Reached skill level 1 in Poison Magic
  2416 | D:3      | Reached XP level 6. HP: 27/38 MP: 9/9
  3024 | D:4      | Found a staircase to the Ecumenical Temple.
  3079 | Temple   | Entered the Ecumenical Temple
  3498 | Temple   | Became a worshipper of Sif Muna the Loreminder
  3571 | D:4      | Noticed Sigmund
  3924 | D:4      | Killed Sigmund
  3924 | D:4      | Reached skill level 5 in Unarmed Combat
  3924 | D:4      | Reached skill level 5 in Transmutations
  3924 | D:4      | Reached XP level 7. HP: 40/43 MP: 1/10
  3940 | D:4      | Noticed Eustachio
  4098 | D:4      | Killed Eustachio
  4336 | D:4      | Reached skill level 6 in Transmutations
  5129 | D:5      | Entered Level 5 of the Dungeon
  5132 | D:5      | Found a sand-covered staircase.
  5141 | Ossuary  | Entered an ossuary
  5213 | Ossuary  | Reached XP level 8. HP: 35/48 MP: 11/11
  5375 | Ossuary  | HP: 2/48 [poison (a dart trap)]
  5633 | Ossuary  | Reached skill level 7 in Transmutations
  5648 | Ossuary  | Reached * piety under Sif Muna
  5954 | Ossuary  | Reached skill level 8 in Transmutations
  6586 | D:5      | Reached ** piety under Sif Muna
  6856 | D:5      | Reached XP level 9. HP: 53/53 MP: 9/12
  7106 | D:5      | Reached skill level 9 in Transmutations
  7276 | D:6      | Learned a level 4 spell: Ice Form
  7463 | D:6      | Reached skill level 1 in Ice Magic
  7481 | D:6      | Found an ancient bone altar of Kikubaaqudgha.
  7527 | D:6      | Found Qiliothi's Jewellery Shop.
  7584 | D:6      | Noticed Grinder
  7595 | D:6      | Killed Grinder
  7714 | D:6      | Found a runed translucent door.
  7715 | D:6      | Noticed Crazy Yiuf
  7792 | D:6      | Found a transporter.
  7796 | D:6      | Found a transporter.
  7797 | D:6      | Noticed mgcat's ghost (novice OpBe)
  7813 | D:6      | Noticed a hornet
  7877 | D:6      | HP: 3/63 [mgcat's ghost (8)]
  7884 | D:6      | Slain by mgcat's ghost

Levels and vault maps discovered:
D:1:      denvon_arrival_planthouse, layout_basic
D:2:      layout_rooms, grunt_temple_overflow_open
D:3:      layout_rooms, serial_corexii_hall, corexii_hall_statues_s,
          corexii_hall_statues_l, minmay_liquid_box, uniq_robin
D:4:      layout_layer_cave, minmay_temple_entry_trees, first_ration,
          minmay_misc_feat_iff, uniq_eustachio, uniq_sigmund
D:5:      layout_rooms, nicolae_ossuary_entry_ruins
D:6:      layout_gridville, kiku_gazebo_pond_becter, kennysheep_mini,
          serial_shops, shop, gammafunk_ghost_hive, uniq_crazy_yiuf_cottage,
          uniq_grinder
Temple:   minmay_temple_forest_path

Skill      XL: |  1  2  3  4  5  6  7  8  9 |
---------------+----------------------------+-----
Stealth        | 1 3 |  3.3
Unarmed Combat | 4 5 7 8 |  8.0
Transmutations | 3 4 5 6 8 9 |  9.9
Poison Magic   | 1 2 |  2.0
Ice Magic      | 2 |  2.6
Fighting       | |  1.0
Dodging        | |  2.0
Spellcasting   | |  2.0

Action                   |  1- 3 |  4- 6 |  7- 9 || total
-------------------------+-------+-------+-------++-------
Melee: Unarmed           |    79 |    78 |   292 ||   449
       Constrict         |    23 |    10 |    28 ||    61
       Kick              |    19 |     9 |    37 ||    65
       Tentacles         |     6 |    10 |    30 ||    46
       Punch             |     1 |     2 |     9 ||    12
 Cast: Beastly Appendage |    29 |    12 |    17 ||    58
       Spider Form       |     1 |     3 |    16 ||    20
       Sticks to Snakes  |       |    10 |     7 ||    17
       Ice Form          |       |       |     2 ||     2
  Use: Scroll            |     3 |     8 |     6 ||    17
       Potion            |       |       |     8 ||     8
 Stab: Sleeping          |     9 |     6 |     5 ||    20
       Distracted        |       |     1 |       ||     1
       Invisible         |       |       |     1 ||     1
  Eat: Chunk             |     3 |     6 |     8 ||    17
       Ration            |       |     1 |     2 ||     3
Armor: Skin              |    12 |    13 |    83 ||   108
Dodge: Dodged            |    55 |    66 |   266 ||   387

Table legend:
 A = Non-vault XP
 B = Vault XP
 C = Vault XP percentage of total XP
 D = Non-vault monster count
 E = Vault monster count
 F = Vault count percentage of total count
                 A         B        C        D         E       F
            +---------+---------+-------+---------+---------+-------
      Total |    2131 |    1771 |  45.4 |     106 |      51 |  32.5
            +---------+---------+-------+---------+---------+-------
        D:1 |      39 |       0 |   0.0 |      25 |       0 |   0.0
        D:2 |      21 |       2 |   8.7 |       9 |       1 |  10.0
        D:3 |     245 |      35 |  12.5 |      19 |      12 |  38.7
        D:4 |     550 |     297 |  35.1 |      20 |       2 |   9.1
        D:5 |     482 |       0 |   0.0 |      21 |       0 |   0.0
        D:6 |     794 |     464 |  36.9 |      12 |       4 |  25.0
    Ossuary |       0 |     973 | 100.0 |       0 |      32 | 100.0
            +---------+---------+-------+---------+---------+-------
